 Dungeon Crawl Stone Soup version 0.28-a0-1339-ga5422284a4 (webtiles) character file.

Game seed: 12628493958012034213

14 SensoryNuts the Skirmisher (level 2, -13/21 HPs)
             Began as an Octopode Fighter on Dec 28, 2021.
             Killed by divine providence
             ... invoked by an orc priest
              (14 damage)
             ... on level 2 of the Dungeon.
             The game lasted 00:01:04 (831 turns).

SensoryNuts the Skirmisher (Octopode Fighter)        Turns: 831, Time: 00:01:05

Health: -13/21     AC:  1    Str: 15    XL:     2   Next: 41%
Magic:  2/2        EV: 13    Int: 10    God:
Gold:   11         SH:  4    Dex: 11    Spells: 1/1 levels left

rFire   . . .      SeeInvis .   a - +0 long sword
rCold   . . .      Faith    .   b - +0 buckler
rNeg    . . .      Spirit   .   (helmet restricted)
rPois   .          Reflect  .   (no amulet)
rElec   .          Harm     .   (no ring)
rCorr   .          Rampage  .   (no ring)
Will    .....                   (no ring)
Stlth   ++........              (no ring)
HPRegen 0.07/turn               (no ring)
MPRegen 0.08/turn               (no ring)
                                (no ring)
                                (no ring)

@: no status effects
A: almost no armour, amphibious, 8 rings, camouflage 1, gelatinous body 1,
(nimble swimmer 1), tentacles
a: no special abilities


You were on level 2 of the Dungeon.
You visited 1 branch of the dungeon, and saw 2 of its levels.

You collected 11 gold pieces.

Inventory:

Hand Weapons
 a - a +0 long sword (weapon)
Armour
 b - a +0 buckler (worn)
Scrolls
 d - a scroll of identify {unknown}
 f - a scroll of fog {unknown}
Potions
 c - a potion of might
 e - 2 potions of curing {unknown}


   Skills:
 + Level 3.2 Fighting
 + Level 2.1 Long Blades
 + Level 3.0 Dodging
 + Level 0.6 Stealth
 + Level 3.2 Shields


You had one spell level left.
You didn't know any spells.
Your spell library contained the following spells:

 Spells                   Type           Power      Damage    Failure   Level
 Pain                     Necr           0%         1d4       38%         1
 Agony                    Necr           0%         N/A       100%        5
 Excruciating Wounds      Necr           0%         N/A       100%        5


Dungeon Overview and Level Annotations

Branches:
Dungeon (2/15)

Altars:


Innate Abilities, Weirdness & Mutations

You cannot wear most types of armour.
You are amphibious.
You can wear up to eight rings at the same time.
Your skin changes colour to match your surroundings (Stealth+).
Your rubbery body absorbs attacks. (AC +1, EV +1)
((You are camouflaged when in or above water. (Stealth+)))
You have tentacles for arms and can constrict up to eight enemies at once.


Message History

A frilled lizard comes into view.
A frilled lizard is nearby!
You see here a scroll labelled HYACUWU TERU.
Found a ruby potion.
Found a stone staircase leading down.
Found a stone staircase leading down.
The helpless frilled lizard fails to defend itself.
You hit the frilled lizard.
You kill the frilled lizard!
No target in view!
No target in view!
No target in view!
No target in view!
No target in view!
No target in view!
No target in view!
f - a scroll labelled HYACUWU TERU
e - 2 ruby potions (gained 1)
An orc priest comes into view. It is wielding a +0 hand axe.
An orc priest is nearby!
An orc comes into view. It is wielding a +0 club.
The orc shouts!
You hear a shout! x2
An orc comes into view. It is wielding a +0 whip.
An orc priest comes into view. It is wielding a +0 dagger.
An orc comes into view. It is wielding a +0 trident.
The orc priest invokes the aid of Beogh against you.
Beogh smites you!
Ouch! That really hurt!
* * * LOW HITPOINT WARNING * * *
The orc shouts!
You are too injured to fight recklessly!
You are too injured to fight recklessly!
Found a green potion.
The orc hits you with a +0 club.
* * * LOW HITPOINT WARNING * * *
The orc priest looks braver for a moment.
There is a stone staircase leading down here.
The orc priest calls down the wrath of Beogh upon you.
Beogh smites you!
Ouch! That really hurt!
You die...

#######.# ........#
.#...#..## .........#
.........# ###
.........###.#
.#..o#.......#
....oo.oo...##
#######.@...#
...........#
##.........#
#.........#########
.............#.....##
!#..>...............##
#####....†..........#
#...............#
#...............#


You could see 2 orc priests and 3 orcs.

Vanquished Creatures
  A bat (D:1)
  An endoplasm (D:1)
  A giant cockroach (D:1)
  4 goblins (D:1)
  2 frilled lizards
  2 kobolds (D:2)
  2 rats (D:1)
13 creatures vanquished.

Vanquished Creatures (others)
  2 plants (D:2)
2 creatures vanquished.

Grand Total: 15 creatures vanquished

Notes
Turn   | Place    | Note
-------+----------+-------------------------------------------
     0 | D:1      | SensoryNuts the Octopode Fighter began the quest for the
                  | Orb.
     0 | D:1      | Reached XP level 1. HP: 16/16 MP: 1/1
   208 | D:1      | Reached XP level 2. HP: 20/21 MP: 2/2
   267 | D:1      | Found a faded altar of an unknown god.
   829 | D:2      | HP: 1/21 [orc (6)]
   831 | D:2      | Killed from afar by an orc priest

Illustrated notes

Levels and vault maps discovered:
D:1:      shiori_arrival_elements, layout_basic, ebering_ecumenical_altar_webs
D:2:      cheibrodos_pilgrimage, layout_rooms, serial_forest,
          infiniplex_forest_clump_small, infiniplex_forest_end_1,
          infiniplex_forest_diagonal, infiniplex_forest_clump_medium,
          infiniplex_forest_end_double, infiniplex_forest_straight_2,
          uniq_natasha

Action                   || total
-------------------------++-------
Melee: Long sword        ||    20
       Constrict         ||     5
       Tentacles         ||     2
  Use: Scroll            ||     1
       Potion            ||     1
 Stab: Sleeping          ||     3
Dodge: Dodged            ||    12
Block: Buckler           ||     4

Table legend: (Time is in decaauts)
 A = Elapsed time spent in this place.
 B = Non-inter-level travel time spent in this place.
 C = Inter-level travel time spent in this place.
 D = Time resting spent in this place.
 E = Time spent auto-exploring this place.
 F = Levels seen in this place.
 G = Mean time per level.
                   A        B        C        D        E       F      G
               +--------+--------+--------+--------+--------+-----+--------+
         Total |    836 |    773 |     63 |      0 |    678 |   2 |  418.0 |
       Dungeon |    836 |    773 |     63 |      0 |    678 |   2 |  418.0 |
               +--------+--------+--------+--------+--------+-----+--------+

Top non-repeatable levels by time:
     D:1: 663 daAuts
     D:2: 173 daAuts
